 Dungeon Crawl Stone Soup version 0.28-a0-556-gab23d0e057 (webtiles) character file.

Game seed: 6630960453284611348

389 graki42 the Magician (level 6, -1/32 HPs)
             Began as a Deep Elf Fire Elementalist on Sept 28, 2021.
             Blown up by Pikel (28 damage)
             ... with a mindburst bolt
             ... on level 5 of the Dungeon.
             The game lasted 00:13:59 (4799 turns).

graki42 the Magician (Deep Elf Fire Elementalist)   Turns: 4799, Time: 00:13:59

Health: -1/32      AC:  7    Str:  7    XL:     6   Next: 50%
Magic:  0/15       EV: 18    Int: 20    God:
Gold:   236        SH:  0    Dex: 15    Spells: 2/15 levels left

rFire   . . .      SeeInvis .   f - +3 short sword (elec)
rCold   . . .      Faith    .   (no shield)
rNeg    . . .      Spirit   .   a - +0 robe
rPois   .          Reflect  .   (no helmet)
rElec   .          Harm     .   (no cloak)
rCorr   .          Rampage  .   h - +0 pair of gloves
Will    .....                   (no boots)
Stlth   ++........              u - amulet of regeneration
HPRegen 1.10/turn               t - +4 ring of evasion
MPRegen 0.14/turn               q - +4 ring of protection

@: no status effects
A: no striking features
a: no special abilities


You were on level 5 of the Dungeon.
You visited 2 branches of the dungeon, and saw 6 of its levels.
You also visited: Sewer.

You collected 236 gold pieces.

Inventory:

Hand Weapons
 f - a +3 short sword of electrocution (weapon)
Armour
 a - a +0 robe (worn)
 h - a +0 pair of gloves (worn)
Jewellery
 q - a +4 ring of protection (right hand)
 t - a +4 ring of evasion (left hand)
 u - an amulet of regeneration (around neck)
Wands
 o - a wand of flame (12)
Scrolls
 b - a scroll of fog {unknown}
 e - a scroll of torment
 i - a scroll of fear
 k - 2 scrolls of noise
 m - 2 scrolls of amnesia {unknown}
 n - a scroll of vulnerability {unknown}
Potions
 c - 3 potions of haste {unknown}
 d - a potion of might {unknown}
 g - a potion of experience {unknown}
 j - 2 potions of heal wounds {unknown}
 l - 2 potions of attraction {unknown}
 p - a potion of invisibility {unknown}
 r - a potion of resistance {unknown}
 s - 3 potions of degeneration {unknown}
 v - a potion of berserk rage {unknown}


   Skills:
 + Level 4.7 Dodging
 - Level 3.0 Stealth
 + Level 5.1 Spellcasting
 + Level 3.5 Conjurations
 + Level 4.9 Fire Magic


You had 2 spell levels left.
You knew the following spells:

 Your Spells              Type           Power      Damage    Failure   Level
a - Foxfire               Conj/Fire      88%        2x1d8     1%          1
b - Scorch                Fire           48%        2d7       2%          2
c - Conjure Flame         Conj/Fire      22%        6-21      6%          3
d - Inner Flame           Hex/Fire       14%        N/A       13%         3
e - Flame Wave            Conj/Fire      22%        3d6       21%         4

Your spell library contained the following spells:

 Spells                   Type           Power      Damage    Failure   Level
 Animate Skeleton         Necr           10%        N/A       12%         1
 Pain                     Necr           20%        1d5       12%         1
 Ensorcelled Hibernation  Hex/Ice        10%        N/A       17%         2
 Spider Form              Tmut/Pois      2%         N/A       34%         3
 Vampiric Draining        Necr           2%         2d6       34%         3


Dungeon Overview and Level Annotations

Branches:
Dungeon (5/15)             Temple (1/1) D:4           Sewer (visited)

Altars:
Ashenzari
Dithmenos
Fedhas
Gozag
Hepliaklqana
Kikubaaqudgha
Nemelex Xobeh
Okawaru
Ru
Sif Muna
Trog
Uskayaw
Wu Jian
Xom
Yredelemnul
Zin
The Shining One

Annotations:
D:5 Pikel


Message History

You kill the lemure!
That felt strangely unrewarding.
Pikel zaps a wand.
You struggle to resist.
You closely miss the lemure.
The lemure is severely wounded.
Casting: Scorch (safe; 2% risk of failure)
Confirm with . or Enter, or press ? or * to list all spells.
Flames lash the lemure.
The lemure is lightly wounded.
The lemure's fire resistance burns away.
The lemure is no longer more vulnerable to fire.
Casting: Scorch (safe; 2% risk of failure)
Confirm with . or Enter, or press ? or * to list all spells.
You don't know that spell.
Unknown command.
Casting: Scorch (safe; 2% risk of failure)
Confirm with . or Enter, or press ? or * to list all spells.
Flames lash the lemure.
The lemure is burned terribly!
The lemure is heavily wounded.
Pikel zaps a wand.
Your mind is blasted!
Unknown command.
Casting: Scorch (safe; 2% risk of failure)
Confirm with . or Enter, or press ? or * to list all spells.
Flames lash the lemure.
The lemure is burned terribly!
You kill the lemure!
That felt strangely unrewarding.
You hear a shout!
Pikel barely misses you.
An orc comes into view. It is wielding a +0 whip.
You barely miss Pikel.
Pikel hits you with a +2 whip of freezing.
Pikel freezes you.
You hit Pikel but do no damage. Lightning courses through Pikel!
Pikel is heavily wounded.
Pikel hits you with a +2 whip of freezing.
Pikel freezes you.
You closely miss Pikel.
Pikel is heavily wounded.
Pikel zaps a wand.
Your mind is blasted!
Ouch! That really hurt!
You die...

#.......####
#.....5....#
.#....5.##.#
#....##.#
..#.##....#
(..>#####.#
#.#.....o5#
#.###.#K# ###.#@#
#.....#
.#####.#.#...#
........#.###
#.##.####.#.#
..........#.#
#.##.>....#..
#......##.#######.#
#####..##.........#


You could see Pikel, a lemure and an orc.

Vanquished Creatures
  Purgy (Sewer)
  2 lemures (D:5)
  A scorpion (D:4)
  2 orc wizards (D:4)
  3 adders
  4 gnolls (D:2)
  A river rat (D:3)
  An adder skeleton (D:4)
  4 worms
  3 dart slugs
  3 orcs (D:4)
  7 ball pythons
  4 bats
  6 endoplasms
  12 giant cockroaches
  8 goblins
  6 hobgoblins
  7 jackals
  3 quokkas
  2 frilled lizards
  3 kobolds
  10 rats
93 creatures vanquished.

Vanquished Creatures (others)
  196 foxfires
196 creatures vanquished.

Grand Total: 289 creatures vanquished

Notes
Turn   | Place    | Note
-------+----------+-------------------------------------------
     0 | D:1      | graki42 the Deep Elf Fire Elementalist began the quest for
                  | the Orb.
     0 | D:1      | Reached XP level 1. HP: 10/10 MP: 6/6
   150 | D:1      | Reached XP level 2. HP: 14/15 MP: 1/8
   775 | D:2      | Reached XP level 3. HP: 19/19 MP: 4/9
   778 | D:2      | Learned a level 2 spell: Scorch
  1223 | D:2      | Found a glowing silver altar of Zin.
  1252 | D:2      | Reached XP level 4. HP: 24/24 MP: 6/11
  1484 | D:2      | Learned a level 3 spell: Conjure Flame
  1504 | D:2      | Learned a level 3 spell: Inner Flame
  1783 | D:3      | Reached skill level 4 in Spellcasting
  1788 | D:3      | Found a glowing drain.
  1795 | Sewer    | Entered a sewer
  1946 | Sewer    | Noticed Purgy
  1951 | Sewer    | Killed Purgy
  1952 | Sewer    | Reached XP level 5. HP: 16/28 MP: 6/13
  3291 | D:4      | Reached XP level 6. HP: 32/32 MP: 10/15
  3366 | D:4      | Learned a level 4 spell: Flame Wave
  4051 | D:4      | Reached skill level 5 in Spellcasting
  4502 | D:4      | Found a staircase to the Ecumenical Temple.
  4511 | Temple   | Entered the Ecumenical Temple
  4706 | D:5      | Entered Level 5 of the Dungeon
  4706 | D:5      | Noticed a vampire
  4773 | D:5      | Noticed Pikel
  4799 | D:5      | Blown up by Pikel

Illustrated notes

Levels and vault maps discovered:
D:1:      co_arrival_square_in_a_square_in_a_square, layout_rooms,
          serial_park_tiny_1, ebering_dispersal_statue_hall
D:2:      layout_rooms, basic_altar
D:3:      layout_basic, portal_sewer_entry_e
D:4:      layout_loops_ring, minmay_temple_entry_purple_smoke
D:5:      layout_basic, lemuel_round_altar, nicolae_ossuary_entry_plus,
          minmay_misc_feat_rows, cheibrodos_gnoll_hut, uniq_pikel
Temple:   compressed_dpeg_circular_temple

Skill      XL: |  1  2  3  4  5  6 |
---------------+-------------------+-----
Dodging        | 3 4 |  4.7
Stealth        | 3 |  3.0
Conjurations   | 2 3 |  3.5
Fire Magic     | 4 |  4.9
Spellcasting   | 4 5 |  5.1

Action                   |  1- 3 |  4- 6 || total
-------------------------+-------+-------++-------
Melee: Short sword       |     4 |    53 ||    57
       Unarmed           |     3 |       ||     3
 Cast: Foxfire           |    75 |    51 ||   126
       Scorch            |       |    18 ||    18
  Use: Scroll            |       |     7 ||     7
 Stab: Sleeping          |       |    10 ||    10
       Distracted        |       |     1 ||     1
Armor: Robe              |     4 |     8 ||    12
Dodge: Dodged            |    16 |    34 ||    50

Table legend: (Time is in decaauts)
 A = Elapsed time spent in this place.
 B = Non-inter-level travel time spent in this place.
 C = Inter-level travel time spent in this place.
 D = Time resting spent in this place.
 E = Time spent auto-exploring this place.
 F = Levels seen in this place.
 G = Mean time per level.
                   A        B        C        D        E       F      G
               +--------+--------+--------+--------+--------+-----+--------+
         Total |   4808 |   4684 |    124 |    895 |   2806 |   7 |  686.9 |
       Dungeon |   4421 |   4297 |    124 |    733 |   2752 |   5 |  884.2 |
        Temple |     84 |     84 |      0 |      0 |     54 |   1 |   84.0 |
         Sewer |    302 |    302 |      0 |    162 |      0 |   1 |  302.0 |
               +--------+--------+--------+--------+--------+-----+--------+

Top non-repeatable levels by time:
     D:3: 1452 daAuts
     D:4: 1192 daAuts
     D:1: 879 daAuts
     D:2: 812 daAuts
   Sewer: 302 daAuts
     D:5: 85 daAuts
  Temple: 84 daAuts
